 Dungeon Crawl Stone Soup version 0.27-a0-684-g359e429f13 (webtiles) character file.

Game seed: 8606813506595338679

177 Aggronaut the Cutter (level 5, -3/33 HPs)
             Began as a Kobold Berserker on Mar 20, 2021.
             Was a Believer of Trog.
             Killed from afar by an orc wizard (7 damage)
             ... with a puff of flame
             ... on level 3 of the Dungeon.
             The game lasted 00:06:01 (2545 turns).

Aggronaut the Cutter (Kobold Berserker)             Turns: 2545, Time: 00:06:01

Health: -3/33      AC:  3    Str: 14    XL:     5   Next: 87%
Magic:  5/5        EV: 15    Int:  9    God:    Trog [**....]
Gold:   94         SH:  0    Dex: 15    Spells: 4/4 levels left

rFire    . . .     SeeInvis .   l - +2 dagger (venom)
rCold    . . .     Faith    .   (shield restricted)
rNeg     . . .     Spirit   .   c - +0 robe
rPois    .         Reflect  .   (no helmet)
rElec    .         Harm     .   m - +0 cloak
rCorr    .         Rampage  .   (no gloves)
Will     .....                  (no boots)
Stlth    +++.......             (no amulet)
HPRegen  0.11/turn              (no ring)
MPRegen  0.09/turn              (no ring)

@: berserk cooldown, slowed, very slow
A: small, no large weapons, nightstalker 3
a: Renounce Religion, Berserk, Trog's Hand


You were on level 3 of the Dungeon.
You worshipped Trog.
Trog was pleased with you.
You visited 1 branch of the dungeon, and saw 3 of its levels.

You collected 94 gold pieces.

Inventory:

Hand Weapons
 a - a +0 short sword
 h - a +2 dagger of draining
 l - a +2 dagger of venom (weapon)
Missiles
 b - 20 poisoned darts (quivered)
Armour
 c - a +0 robe (worn)
 m - a +0 cloak (worn)
Scrolls
 d - a scroll of blinking {unknown}
 f - a scroll of random uselessness {unknown}
 g - 2 scrolls of teleportation {unknown}
 i - 3 scrolls of identify {unknown}
 k - a scroll of enchant weapon {unknown}
 n - a scroll of fear {unknown}
Potions
 e - 2 potions of attraction {unknown}
 j - 2 potions of heal wounds {unknown}


   Skills:
 - Level 3.7 Fighting
 * Level 6.7 Short Blades
 - Level 1.6 Armour
 - Level 2.6 Dodging
 + Level 3.6 Stealth


You had 4 spell levels left.
You didn't know any spells.
Your spell library was empty.

Dungeon Overview and Level Annotations

Branches:
Dungeon (3/15)

Altars:


Innate Abilities, Weirdness & Mutations

You are small and have problems with some larger weapons.
You are completely attuned to the shadows.


Message History

Trog appreciates your killing of a magic user.
Something hits you.
You hit the orc.
The orc is almost dead.
The orc closely misses you.
You completely miss the orc.
The orc is almost dead.
Something hits you.
You hit the orc.
You kill the orc!
Trog accepts your kill. Something barely misses you.
Things that are here:
a +0 leather armour; a +0 dagger; a +0 robe You feel a strong urge to attack something.
You hear some strange, mumbled words.
Something tries to affect you, but you resist.
You feel your anger nearly subside.
You are no longer berserk.
You are exhausted.
You feel yourself slow down. Something hits you.
You barely miss something. Something hits you.
You hit something.
You hear some strange, mumbled words.
You are confused.
You hear some strange, mumbled words.
A magic dart appears from out of thin air!
The magic dart hits you.
You're too confused to move!
Something barely misses you. Something hits you.
* * * LOW HITPOINT WARNING * * *
You miss something.
You hear some strange, mumbled words.
A puff of flame appears from out of thin air!
The puff of flame misses you. Something hits you.
* * * LOW HITPOINT WARNING * * *
You feel less confused.
You hear some strange, mumbled words.
A puff of flame appears from out of thin air!
The puff of flame hits you!
You die...

#..##........ #########
#..##.####### #.......#####
#..##.### #.####......#####
#.......# #.# #..#.......#
###.#.### #.#
#..#.......#####...####### #.#
#..#........[.)...........
#.####..#.......{.......#####.#
#.......###...@........># #.#
#######.##.............## #.#
#######.##.####........# #.#
#.......##.#...........# #.#
#.########.#.#.....##########.#
###.#..#.....#.#.##### #.[...#
.......#.#####.#.# #.#####
.#.##.##.# #..<#.# #.#....
.#.##.##.###.#.#.##########.#.###


There were no monsters in sight!

Vanquished Creatures
  Crazy Yiuf (D:3)
  An orc wizard (D:3)
  A hound zombie (D:3)
  3 adders
  3 worms (D:2)
  2 dart slugs (D:1)
  4 leopard geckos
  3 orcs (D:3)
  2 giant cockroaches
  8 goblins
  6 hobgoblins
  9 jackals
  3 ball pythons
  3 bats
  A frilled lizard (D:2)
  6 kobolds
  6 rats
62 creatures vanquished.

Notes
Turn   | Place    | Note
-------+----------+-------------------------------------------
     0 | D:1      | Aggronaut the Kobold Berserker began the quest for the Orb.
     0 | D:1      | Reached XP level 1. HP: 14/14 MP: 1/1
    69 | D:1      | Reached XP level 2. HP: 14/19 MP: 2/2
   883 | D:2      | Reached XP level 3. HP: 23/23 MP: 3/3
   888 | D:2      | Reached skill level 1 in Stealth
  1217 | D:2      | Reached skill level 5 in Short Blades
  1242 | D:2      | Reached ** piety under Trog
  1273 | D:2      | Reached XP level 4. HP: 29/29 MP: 4/4
  1496 | D:3      | Found a runed translucent door.
  1499 | D:3      | Noticed Crazy Yiuf
  1522 | D:3      | Killed Crazy Yiuf
  1523 | D:3      | Reached XP level 5. HP: 19/33 MP: 5/5
  1654 | D:3      | Reached skill level 6 in Short Blades
  2545 | D:3      | Killed from afar by an orc wizard

Illustrated notes

Levels and vault maps discovered:
D:1:      sevenhm_arrival_forest_fort_small_6, layout_rooms,
          kennysheep_crisscross
D:2:      cheibrodos_old_hovel, layout_basic, nzn_wu_jian_contemplation,
          minivault_5
D:3:      layout_basic, demons_altar, uniq_sigmund, uniq_jessica,
          uniq_crazy_yiuf_cottage

Skill      XL: |  1  2  3  4  5 |
---------------+----------------+-----
Stealth        | 2 3 |  3.6
Short Blades   | 5 6 |  6.7
Fighting       | |  3.7
Armour         | |  1.6
Dodging        | |  2.6

Action                   |  1- 3 |  4- 6 || total
-------------------------+-------+-------++-------
Melee: Short sword       |    35 |       ||    35
       Dagger            |    29 |   102 ||   131
Throw: Dart              |     1 |       ||     1
Invok: Berserk           |     1 |     1 ||     2
 Stab: Sleeping          |    13 |     5 ||    18
Armor: Animal skin       |     1 |       ||     1
       Robe              |     4 |    12 ||    16
Dodge: Dodged            |    20 |    54 ||    74

Table legend: (Time is in decaauts)
 A = Elapsed time spent in this place.
 B = Non-inter-level travel time spent in this place.
 C = Inter-level travel time spent in this place.
 D = Time resting spent in this place.
 E = Time spent auto-exploring this place.
 F = Levels seen in this place.
 G = Mean time per level.
                   A        B        C        D        E       F      G
               +--------+--------+--------+--------+--------+-----+--------+
         Total |   2508 |   2447 |     61 |    534 |   1464 |   3 |  836.0 |
       Dungeon |   2508 |   2447 |     61 |    534 |   1464 |   3 |  836.0 |
               +--------+--------+--------+--------+--------+-----+--------+

Top non-repeatable levels by time:
     D:3: 1093 daAuts
     D:1: 890 daAuts
     D:2: 524 daAuts
